 Dungeon Crawl Stone Soup version 0.11.0-9-gb634444 (webtiles) character file.

321 schwul the Spawn of Chaos (level 5, 0/42 HPs)
             Began as a Minotaur Death Knight on Nov 14, 2012.
             Was an Initiate of Makhleb.
             Slain by a quokka (5 damage)
             ... on Level 3 of the Dungeon.
             The game lasted 00:13:17 (2446 turns).

schwul the Spawn of Chaos (Minotaur Death Knight)   Turns: 2446, Time: 00:13:18

HP   0/42        AC  3     Str 18      XL: 5   Next: 34%
MP   6/6         EV 11     Int  8      God: Makhleb [......]
Gold 154         SH  0     Dex 10      Spells:  0 memorised,  4 levels left

Res.Fire  : x . .   See Invis. : .   e - +0,-2 dwarf hand axe
Res.Cold  : + . .   Warding    : .   b - +0 leather armour
Life Prot.: . . .   Conserve   : .   (no shield)
Res.Poison: .       Res.Corr.  : .   (helmet restricted)
Res.Elec. : .       Clarity    : .   (no cloak)
Sust.Abil.: . .     Spirit.Shd : .   (no gloves)
Res.Mut.  : .       Stasis     : .   (no boots)
Res.Rott. : .       Ctrl.Telep.: .   (no amulet)
Saprovore : . . .   Levitation : .   (no ring) Ctrl.Flight: .
                                     q - ring of ice

@: slightly resistant to hostile enchantments, unstealthy
A: retaliatory headbutt, horns 2
a: Renounce Religion


You were on level 3 of the Dungeon.
You worshipped Makhleb.
Makhleb was noncommittal.
You were very full.

You visited 1 branch of the dungeon, and saw 3 of its levels.

You collected 134 gold pieces.

Inventory:

Hand weapons
 a - a +1,+1 hand axe {=f}
 e - a +0,-2 dwarven hand axe (weapon)
 m - a +0,+0 sling
 s - a +0,+0 scythe
Armour
 b - a +0 leather armour (worn)
Scrolls
 c - a scroll of blinking
 d - a scroll of identify {unknown}
 f - a scroll of fear
 g - a scroll of teleportation
 i - 2 scrolls of amnesia {unknown}
 k - a scroll of remove curse {unknown}
 n - 3 scrolls of enchant weapon I {unknown}
 p - a scroll of enchant armour {unknown}
Jewellery
 l - a cursed ring of teleportation {unknown}
 q - a ring of ice (left hand)
Potions
 j - a potion of paralysis


   Skills:
 + Level 3.0 Fighting
 + Level 3.0 Axes
 + Level 2.3 Armour
 + Level 2.7 Dodging
 + Level 0.5 Stealth
 + Level 0.1 Traps & Doors
   Level 4.3 Invocations


You had 4 spell levels left.
You didn't know any spells.

Dungeon Overview and Level Annotations

Branches:
Dungeon (3/27)

Altars:
Makhleb

Annotations
D:3 Ijyb


Innate Abilities, Weirdness & Mutations

You reflexively headbutt those who attack you in melee.
You have a pair of horns on your head.


Message History

The kobold is severely wounded.
Ijyb hits you with a dagger.
The quokka bites you but does no damage.
The kobold hits you but does no damage. The quokka bites you.
* * * LOW HITPOINT WARNING * * *
You miss the kobold. Your headbutt misses the kobold.
The kobold is severely wounded.
Ijyb barely misses you. You furiously retaliate!
You headbutt Ijyb. The quokka bites you.
* * * LOW HITPOINT WARNING * * *
The kobold misses you.
The quokka bites you but does no damage.
You hit the kobold but do no damage.
The kobold is severely wounded.
Ijyb hits you but does no damage. The quokka bites you.
* * * LOW HITPOINT WARNING * * *
The quokka bites you.
* * * LOW HITPOINT WARNING * * *
The kobold hits you but does no damage. The quokka bites you.
You die...

.................#.#.#+## #.# *,
...##.######.###.#.#.*,* #.# *,
...'...............#.#,* *#.#***,
...##.######.......#.#,,,,...,,,,
.........)...........#****+##***,
...##.##########..####*,,,,,* *,
....#..### ###..### *,, ,,* **
###......# #...r..# *,,,,,*
#......#.# #..@r..#**,,, ,*
#....###.# #..Kg.......,,**
####.###.# #..........,***
.......#.# #.........., *****
>........# #..........,,,,,,*
...#.#.### #.........,,,,,,,*
##.#.#.#######......#.,,,,,,,,*
##.#..%......###.....,,,,,,,,,*
##.#.........# ##.,,*,,,,,,,, *


You could see Ijyb, 2 quokkas and a kobold.

Vanquished Creatures
  Sigmund (D:3)
  Jessica (D:2)
  Terence (D:2)
  2 adders
  2 giant geckos
  An ooze (D:2)
  A ball python (D:3)
  7 giant cockroaches
  5 goblins
  5 hobgoblins
  7 bats
  2 giant newts
  4 rats
39 creatures vanquished.

Vanquished Creatures (collateral kills)
  An ooze (D:2)
  A goblin (D:2)
  3 jackals (D:2)
  2 bats (D:1)
7 creatures vanquished.

Vanquished Creatures (others)
  3 humans (D:3)
  A dwarf (D:3)
  A halfling (D:3)
  A bat zombie (D:2)
  2 orcs (D:3)
  A kobold (D:3)
  2 giant cockroach zombies
  A giant gecko zombie (D:1)
  A giant newt zombie (D:3)
  2 goblin zombies
  A hobgoblin zombie (D:1)
  2 human zombies (D:2)
18 creatures vanquished.

Grand Total: 64 creatures vanquished

Notes
Turn   | Place    | Note
--------------------------------------------------------------
     0 | D:1      | schwul, the Minotaur Death Knight, began the quest for the Orb.
     0 | D:1      | Reached XP level 1. HP: 17/17 MP: 2/2
   178 | D:1      | Reached XP level 2. HP: 14/24 MP: 2/2
   500 | D:1      | Reached skill level 3 in Invocations
   810 | D:2      | Reached XP level 3. HP: 30/30 MP: 4/4
   933 | D:2      | Noticed Jessica
   940 | D:2      | Killed Jessica
  1596 | D:2      | Your ally Jessica died
  1768 | D:2      | Noticed Terence
  1787 | D:2      | Killed Terence
  1787 | D:2      | Reached XP level 4. HP: 3/37 MP: 5/5
  2031 | D:2      | Your ally Terence died
  2179 | D:3      | Noticed Sigmund
  2195 | D:3      | Killed Sigmund
  2195 | D:3      | Reached skill level 4 in Invocations
  2195 | D:3      | Reached XP level 5. HP: 13/42 MP: 4/6
  2226 | D:3      | Noticed a human
  2226 | D:3      | Noticed a human
  2226 | D:3      | Noticed a dwarf
  2227 | D:3      | Found a burning altar of Makhleb.
  2230 | D:3      | Killed a human
  2230 | D:3      | Killed a dwarf
  2231 | D:3      | Killed a human
  2239 | D:3      | Noticed a human
  2242 | D:3      | Killed a human
  2255 | D:3      | Fell from the grace of Yredelemnul
  2255 | D:3      | Became a worshipper of Makhleb the Destroyer
  2344 | D:3      | Paralysed by a potion of paralysis for 3 turns
  2437 | D:3      | Noticed Ijyb
  2446 | D:3      | Slain by a quokka
